 Dungeon Crawl Stone Soup version 0.26.1-11-gd32895ea62 (webtiles) character file.

Game seed: 5417040043172632471

83 adizb the Caller (level 4, -3/35 HPs)
             Began as a Draconian Summoner on June 30, 2021.
             Shot with an arrow by a centaur (7 damage)
             ... on level 4 of the Dungeon on July 1, 2021.
             The game lasted 00:17:47 (2423 turns).

adizb the Caller (Draconian Summoner)               Turns: 2423, Time: 00:17:48

Health: -3/35      AC:  6    Str: 10    XL:     4   Next: 22%
Magic:  4/7        EV: 12    Int: 16    God:
Gold:   218        SH:  0    Dex: 12    Spells: 4/7 levels left

rFire    . . .     SeeInvis .     - Unarmed
rCold    . . .     Faith    .   (no shield)
rNeg     . . .     Spirit   .   (armour unavailable)
rPois    .         Reflect  .   (helmet restricted)
rElec    .         Harm     .   q - +0 cloak
rCorr    .         Rampage  .   (no gloves)
Will     .....                  (no boots)
Stlth    ++........             (no amulet)
HPRegen  0.11/turn              (no ring)
MPRegen  0.10/turn              (no ring)

@: no status effects
A: unfitting armour, cold-blooded, AC +5
a: no special abilities


You were on level 4 of the Dungeon.
You visited 1 branch of the dungeon, and saw 4 of its levels.

You collected 218 gold pieces.

Inventory:

Missiles
 m - 2 throwing nets
 o - 7 boomerangs of dispersal
Armour
 q - a +0 cloak (worn)
Scrolls
 a - 2 scrolls of teleportation
 c - a scroll of magic mapping {unknown}
 e - 2 scrolls of identify {unknown}
 f - 2 scrolls of fear {unknown}
 h - a scroll of blinking {unknown}
 j - 3 scrolls of remove curse
 p - a scroll of enchant weapon {unknown}
 s - a scroll of enchant armour {unknown}
Potions
 b - a potion of curing
 d - 2 potions of degeneration {unknown}
 g - 2 potions of haste {unknown}
 i - a potion of magic {unknown}
 k - 2 potions of invisibility {unknown}
 l - a potion of flight {unknown}
 n - a potion of attraction {unknown}
 r - 2 potions of ambrosia {unknown}


   Skills:
 + Level 1.4 Fighting
 + Level 2.3 Dodging
 + Level 2.1 Stealth
 + Level 1.2 Unarmed Combat
 + Level 2.3 Spellcasting
 * Level 4.5 Summonings


You had 4 spell levels left.
You knew the following spells:

 Your Spells              Type           Power        Failure   Level
a - Summon Small Mammal   Summ           64%          3%          1
b - Call Imp              Summ           16%          4%          2

Your spell library contained the following spells:

 Spells                   Type           Power        Failure   Level
 Call Canine Familiar     Summ           16%          10%         3
 Summon Guardian Golem    Hex/Summ       9%           24%         3
 Summon Ice Beast         Ice/Summ       9%           61%         4
 Summon Lightning Spire   Summ/Air       9%           61%         4


Dungeon Overview and Level Annotations

Branches:
Dungeon (4/15)
 Temple: D:4-7

Altars:


Innate Abilities, Weirdness & Mutations

Your plain brown scales are hard. (AC +5)
You cannot fit into any form of body armour.
You are cold-blooded and may be slowed by cold attacks.


Message History

The centaur hits you.
Your crimson imp hits the centaur.
The centaur hits you!
You are too injured to fight recklessly!
Your crimson imp barely misses the centaur.
You see here an arrow.
You hit the centaur.
The centaur is lightly wounded.
The centaur misses you.
Your crimson imp barely misses the centaur.
Your iron imp hits the centaur!
You barely miss the centaur. You tail-slap the centaur.
The centaur is almost dead.
The centaur hits you!
* * * LOW HITPOINT WARNING * * *
Your crimson imp barely misses the centaur.
Your crimson imp hits the centaur but does no damage.
Your iron imp hits the centaur but does no damage.
The centaur barely misses you.
The centaur wields a +0 shortbow.
The centaur shoots an arrow.
The arrow hits you!
You die...

. ####+#### . #§≈≈.≈≈≈#
.. #≈≈...≈≈# #.
#≈.)#..≈# #.. #######
+..###5.+ #..##.....#
#≈..#c5≈# ..........#
#≈≈.(5≈≈#
....<....[###§≈§@≈≈≈#
............####'#####
................'....+
...##.....##....#....##
#.. #.....##.>..#.(...#
#.. +.....#######.....#
#. #......# #.....# #.
#......# #.....#
+.......# #.......


You could see a centaur, a friendly iron imp (summoned) and 2 friendly crimson
imps.

Vanquished Creatures
  2 adders
  A dart slug (D:1)
  2 leopard geckos
  A giant cockroach (D:1)
  4 hobgoblins
  4 jackals
  7 bats
  A frilled lizard (D:3)
  A giant cockroach zombie (D:4)
  2 goblins (D:2)
  2 kobolds
  2 rats
29 creatures vanquished.

Vanquished Creatures (collateral kills)
  Robin (D:2)
  2 worms (D:3)
  2 leopard geckos (D:2)
  A ball python (D:3)
  6 bats
  3 giant cockroaches
  4 goblins
  5 hobgoblins
  4 jackals
  2 quokkas
  2 frilled lizards
  A kobold (D:3)
  4 rats
37 creatures vanquished.

Vanquished Creatures (others)
  3 plants (D:2)
3 creatures vanquished.

Grand Total: 69 creatures vanquished

Notes
Turn   | Place    | Note
-------+----------+-------------------------------------------
     0 | D:1      | adizb the Draconian Summoner began the quest for the Orb.
     0 | D:1      | Reached XP level 1. HP: 14/14 MP: 3/3
   258 | D:1      | Reached XP level 2. HP: 19/22 MP: 3/5
   982 | D:2      | Reached skill level 1 in Fighting
  1037 | D:2      | Reached XP level 3. HP: 24/28 MP: 2/6
  1289 | D:2      | Reached skill level 1 in Unarmed Combat
  1345 | D:2      | Noticed Robin
  1391 | D:2      | Killed Robin
  1513 | D:2      | Found a faded altar of an unknown god.
  1975 | D:3      | Reached XP level 4. HP: 33/35 MP: 5/7
  2145 | D:3      | Learned a level 2 spell: Call Imp
  2393 | D:4      | Noticed a centaur
  2423 | D:4      | Shot with an arrow by a centaur

Illustrated notes

Levels and vault maps discovered:
D:1:      dpeg_arrival_simpleton_b, layout_basic
D:2:      cheibrodos_old_hovel, layout_loops_ring,
          chequers_ecumenical_altar_twisty, columned_hall_lemuel, uniq_robin
D:3:      layout_basic
D:4:      layout_gridville, kennysheep_generic_room_8, uniq_natasha

Skill      XL: |  1  2  3 |
---------------+----------+-----
Fighting       | 1 |  1.4
Dodging        | 2 |  2.3
Stealth        | 2 |  2.1
Unarmed Combat | 1 |  1.2
Spellcasting   | |  2.3
Summonings     | |  4.5

Action                   |  1- 3 |  4- 6 || total
-------------------------+-------+-------++-------
Melee: Unarmed           |   170 |    27 ||   197
       Tailslap          |    21 |     7 ||    28
 Cast: Summon Small Mamm |    60 |     6 ||    66
       Call Imp          |       |     5 ||     5
  Use: Scroll            |     4 |       ||     4
       Potion            |     1 |       ||     1
 Stab: Sleeping          |     2 |       ||     2
       Distracted        |     1 |       ||     1
Armor: Skin              |    84 |     8 ||    92
Dodge: Dodged            |   154 |    22 ||   176
